 Dungeon Crawl Stone Soup version 0.31-a0-66-ge618eeaa78 (webtiles) character file.

Game seed: 3592014303532863641

16388 edwardauron the Gelid (level 12, -1/81 HPs)
             Began as a Grey Draconian Ice Elementalist on May 23, 2023.
             Was a High Priest of Cheibriados.
             Killed from afar by a Hell Sentinel (21 damage)
             ... with damnation
             ... on level 1 of the Abyss.
             The game lasted 00:29:19 (13998 turns).

edwardauron the Gelid (DrIE)                       Turns: 13998, Time: 00:29:19

Health: -1/81      AC: 16    Str: 24    XL:     12   Next: 9%
Magic:  22/26      EV: 17    Int: 34    God:    Cheibriados [*****.]
Gold:   495        SH:  7    Dex: 27    Spells: 13/31 levels left

rFire   + . .        b - +8 mace of the Blue God {pain, rPois rN+ Dex+3}
rCold   . . .        r - +0 buckler
rNeg    + . .        (body armour unavailable)
rPois   +            (helmet restricted)
rElec   .            o - +0 cloak
rCorr   +            (no gloves)
SInv    .            d - +1 pair of boots
Will    .....        (no amulet)
Stlth   +++          l - ring of Wuydeyrch {rF+ rCorr}
HPRegen 0.33/turn    w - +5 ring of evasion
MPRegen 0.20/turn

%: no passive effects
@: studying Stealth, very slow
A: AC +13, amphibious, unfitting armour, cold-blooded
a: Renounce Religion, Bend Time, Temporal Distortion, Slouch, Step From Time


You were on level 1 of the Abyss.
You worshipped Cheibriados.
Cheibriados was extremely pleased with you.
You visited 2 branches of the dungeon, and saw 12 of its levels.
You visited the Abyss 1 time.
You also visited: Bailey.

You collected 495 gold pieces.

Inventory:

Hand Weapons
 b - the +8 mace of the Blue God (weapon) {pain, rPois rN+ Dex+3}
   (You found it in a bailey)

   Dex:       It affects your dexterity (+3).
   rPois:     It protects you from poison.
   rN:        It protects you from negative energy.
 f - a +1 spectral trident
Missiles
 p - 5 javelins
Armour
 d - a +1 pair of boots (worn)
 o - a +0 cloak (worn)
 r - a +0 buckler (worn)
 s - a +0 kite shield
Magical Staves
 a - a staff of cold
Jewellery
 l - the ring of Wuydeyrch (left hand) {rF+ rCorr}
   (You acquired it in a bailey)

   [ring of resist corrosion]

   rF:        It protects you from fire.
   rCorr:     It protects you from acid and corrosion.
 w - a +5 ring of evasion (right hand)
Wands
 k - a wand of flame (10)
Scrolls
 c - a scroll of fear
 e - a scroll of butterflies
 g - 3 scrolls of poison
 h - 2 scrolls of fog
 j - 2 scrolls of immolation
 m - a scroll of brand weapon
 n - 7 scrolls of teleportation
 u - 3 scrolls of identify
Potions
 i - a potion of resistance
 q - 2 potions of enlightenment
 v - 2 potions of mutation


   Skills:
 - Level 1.7 Dodging
 - Level 1.7 Stealth
 + Level 5.9 Shields
 - Level 0.1 Unarmed Combat
 - Level 10.0 Spellcasting
 + Level 5.9 Conjurations
 - Level 15.0 Ice Magic


You had 13 spell levels left.
You knew the following spells:

 Your Spells              Type           Power      Damage    Failure   Level
a - Freeze                Ice            100%       1d10      0%          1
b - Frozen Ramparts       Ice            100%       1d16      1%          3
c - Ozocubu's Armour      Ice            87%        N/A       1%          3
d - Freezing Cloud        Conj/Ice/Air   26%        6-21      10%         5
e - Statue Form           Tmut/Erth      5%         N/A       100%        6

Your spell library contained the following spells:

 Spells                   Type           Power      Damage    Failure   Level
 Foxfire                  Conj/Fire      100%       2x1d9     1%          1
 Momentum Strike          Conj/Tloc      56%        3d9       2%          2
 Static Discharge         Conj/Air       56%        2-5/arc   2%          2
 Summon Ice Beast         Ice/Summ       56%        N/A       2%          4
 Scorch                   Fire           34%        2d6       4%          2
 Dazzling Flash           Conj/Hex       56%        N/A       4%          3
 Cigotuvi's Dreadful Rot  Necr/Pois/Air  10%        N/A       10%         2
 Vhi's Electric Charge    Tloc/Air       16%        N/A       16%         3
 Volatile Blastmotes      Fire/Tloc      16%        2d11      16%         3
 Flame Wave               Conj/Fire      28%        2d9       16%         4
 Iskenderun's Mystic Bla  Conj/Tloc      28%        2d7       16%         4
 Ignite Poison            Fire/Tmut/Pois 5%         N/A       19%         3
 Arcjolt                  Conj/Air       14%        1d24      38%         5
 Summon Forest            Summ/Tloc      4%         N/A       80%         5
 Conjure Ball Lightning   Conj/Air       14%        3x3d6     93%         6
 Starburst                Conj/Fire      14%        6d6       93%         6
 Summon Cactus Giant      Summ           8%         N/A       99%         6
 Eringya's Noxious Bog    Tmut/Pois      4%         N/A       100%        6
 Plasma Beam              Fire/Air       4%         2x1d15    100%        6
 Storm Form               Tmut/Air       4%         N/A       100%        7
 Summon Hydra             Summ           8%         N/A       100%        7


Dungeon Overview and Level Annotations

Branches:
Dungeon (11/15)            Temple (1/1) D:7            Lair (0/5) D:10
 Bailey (visited)
    Orc: D:9-12

Altars:
Ashenzari
Cheibriados
Dithmenos
Elyvilon
Fedhas
Gozag
Hepliaklqana
Kikubaaqudgha
Makhleb
Nemelex Xobeh
Okawaru
Qazlal
Ru
Sif Muna
Trog
Uskayaw
Vehumet
Wu Jian
Xom
Yredelemnul
Zin
The Shining One

Shops:
D:7 :   D:10 ((==*

Annotations:
D:8 3 runed translucent doors, Darkkill's ghost, novice MiHu
D:11 Grum; Nergalle


Innate Abilities, Weirdness & Mutations

Your dull iron-grey scales are very hard. (AC +13)
You are amphibious.
You cannot fit into any form of body armour.
You are cold-blooded and may be slowed by cold attacks.


Message History

You hit the Hell Sentinel but do no damage.
You tail-slap the Hell Sentinel.
The Hell Sentinel is lightly wounded.
The Hell Sentinel completely resists.
The wall freezes the Hell Sentinel but does no damage.
The Hell Sentinel hits you but does no damage. x2
You hit the Hell Sentinel but do no damage.
The wall freezes the Hell Sentinel but does no damage.
The Hell Sentinel gestures at you. The iron shot misses you.
The wall freezes the Hell Sentinel but does no damage.
The Hell Sentinel gestures at you.
The sphere of damnation explodes!
The damnation engulfs you!
The damnation engulfs the Hell Sentinel.
The Hell Sentinel completely resists.
You hear a shout! x5
You hit the Hell Sentinel but do no damage.
Your tail-slap misses the Hell Sentinel.
The wall freezes the Hell Sentinel but does no damage.
The Hell Sentinel barely misses you. The Hell Sentinel hits you!
You sock the Hell Sentinel!
The Hell Sentinel is lightly wounded.
The Hell Sentinel completely resists.
The wall freezes the Hell Sentinel but does no damage.
The Hell Sentinel hits you!!
* * * LOW HITPOINT WARNING * * *
The Hell Sentinel hits you.
* * * LOW HITPOINT WARNING * * *
The wall freezes the Hell Sentinel but does no damage.
The Hell Sentinel hits you.
* * * LOW HITPOINT WARNING * * *
The Hell Sentinel hits you but does no damage.
Okay, then.
Okay, then.
Your icy armour and frozen ramparts will break if you move.
Continue?
Your icy armour cracks and falls away as you move.
The frozen ramparts melt away as you move.
The Hell Sentinel gestures at you.
The sphere of damnation explodes!
The damnation engulfs you!!
You die...

.... ......
..........
............... .
...>.. #.. ...## ....
# . .. #.. #..##..#
..##. .
..##..##..##..## .#
.# ..................
..
....................
..
..##..##1.##..##..##.
#>. #. #@.##..# .
..##. ...............
... ................
.. ..##..##..##..##.
. #.. #..##..# .. ...
.... ... ... .... ..
.## #..##


You could see a Hell Sentinel.

Vanquished Creatures
  Harold (D:10)
  A two-headed ogre (D:8)
  8 death yaks (D:10)
  An orc high priest (Bailey)
  Pikel (D:8)
  An orc knight (Bailey)
  Joseph (D:7)
  The ghost of Tonberry the Conjurer, a novice DgCj (D:5)
  Psyche (D:10)
  A kobold demonologist (Bailey)
  A troll (D:10)
  A wraith (D:10)
  A shadow (D:11)
  Eustachio (D:4)
  10 yaks (D:10)
  2 wyverns (D:10)
  A steam dragon (D:6)
  2 acid dragons (D:10)
  Duvessa (D:4)
  2 ice beasts
  10 orc warriors
  A black bear (D:3)
  2 wolves (D:10)
  2 ogres (D:6)
  4 centaurs
  A phantom (D:6)
  2 gnoll sergeants
  4 bullfrogs
  A scorpion (D:5)
  A wyvern zombie (D:8)
  3 small abominations (Abyss:1)
  Dowan (D:4)
  15 killer bees
  7 howler monkeys
  6 electric eels (Bailey)
  3 jellies
  8 orc priests
  A gnoll bouda (D:8)
  Jessica (D:2)
  4 iguanas
  A sleepcap (D:7)
  10 orc wizards
  A howler monkey zombie (D:8)
  31 gnolls
  7 adders
  4 white imps
  5 ufetubi
  A worm (D:7)
  50 orcs
  9 ball pythons
  5 bats
  3 endoplasms
  3 giant cockroaches (D:1)
  13 goblins
  8 hobgoblins
  11 jackals
  3 quokkas
  3 frilled lizards
  6 kobolds
  5 rats
295 creatures vanquished.

Vanquished Creatures (others)
  An orc wizard (D:9)
  An adder (D:6)
  An orc (D:11)
3 creatures vanquished.

Grand Total: 298 creatures vanquished

Notes
Turn   | Place    | Note
-------+----------+-------------------------------------------
     0 | D:1      | edwardauron the Draconian Ice Elementalist began the quest
                  | for the Orb.
     0 | D:1      | Reached XP level 1. HP: 14/14 MP: 3/3
   104 | D:1      | Reached XP level 2. HP: 20/20 MP: 1/5
  1141 | D:1      | Reached XP level 3. HP: 25/26 MP: 2/6
  1476 | D:2      | Noticed Jessica
  1485 | D:2      | Killed Jessica
  1486 | D:2      | Reached skill level 5 in Ice Magic
  1535 | D:2      | Learned a level 3 spell: Frozen Ramparts
  1539 | D:2      | Learned a level 3 spell: Ozocubu's Armour
  1713 | D:2      | Reached XP level 4. HP: 33/33 MP: 5/8
  2002 | D:2      | Identified a scroll of acquirement
  2002 | D:2      | Acquired a staff of cold
  2662 | D:3      | Noticed a black bear
  2670 | D:3      | Killed a black bear
  2671 | D:3      | Reached XP level 5. HP: 24/38 MP: 2/10
  2736 | D:3      | Found a glowing silver altar of Zin.
  2911 | D:3      | Reached skill level 6 in Ice Magic
  3484 | D:4      | Reached XP level 6. HP: 38/45 MP: 11/11
  3660 | D:4      | You fall into a shaft and drop 3 floors!
  3660 | D:7      | Found a sacrificial altar of Ru.
  3677 | D:6      | HP: 2/45 [ogre/+0 giant spiked club (15)]
  3953 | D:6      | Reached skill level 7 in Ice Magic
  4059 | D:5      | Entered Level 5 of the Dungeon
  4079 | D:5      | Your scales start taking on a dull iron-grey colour.
  4079 | D:5      | Reached XP level 7. HP: 42/50 MP: 4/13
  4494 | D:5      | Found a burning altar of Makhleb.
  4494 | D:5      | Found a stormy altar of Qazlal.
  4729 | D:5      | Reached skill level 8 in Ice Magic
  4810 | D:5      | Found a runed translucent door.
  4811 | D:5      | Noticed Tonberry's ghost (novice DgCj)
  4837 | D:5      | Killed Tonberry's ghost
  4838 | D:5      | Reached skill level 5 in Spellcasting
  4838 | D:5      | Reached XP level 8. HP: 35/57 MP: 9/15
  5036 | D:4      | Noticed Eustachio
  5091 | D:4      | Killed Eustachio
  5092 | D:4      | Reached skill level 9 in Ice Magic
  5163 | D:4      | Noticed Duvessa
  5163 | D:4      | Noticed Dowan
  5174 | D:4      | Killed Duvessa
  5180 | D:4      | Killed Dowan
  6185 | D:6      | Reached skill level 10 in Ice Magic
  6536 | D:7      | Noticed Joseph
  6683 | D:7      | Killed Joseph
  6684 | D:7      | Reached XP level 9. HP: 33/62 MP: 12/19
  6914 | D:7      | Reached skill level 11 in Ice Magic
  6994 | D:7      | Identified the +6 scale mail "Sisch" {Rampage rC++ Str-4}
  7139 | D:7      | Found a staircase to the Ecumenical Temple.
  7156 | Temple   | Entered the Ecumenical Temple
  7508 | D:7      | Found a snail-covered altar of Cheibriados.
  7663 | D:7      | Became a worshipper of Cheibriados the Contemplative
  8010 | D:7      | Found Qoemmub's Book Boutique.
  8037 | D:7      | Learned a level 5 spell: Freezing Cloud
  8441 | D:8      | Noticed Pikel
  8448 | D:8      | Killed Pikel
  8449 | D:8      | Reached skill level 12 in Ice Magic
  8464 | D:8      | Reached * piety under Cheibriados
  8775 | D:8      | Found a shimmering blue altar of Sif Muna.
  8943 | D:8      | Noticed a two-headed ogre
  8957 | D:8      | Killed a two-headed ogre
  8958 | D:8      | Reached XP level 10. HP: 33/69 MP: 8/22
  9103 | D:8      | Found a runed translucent gate.
  9103 | D:8      | Found a runed translucent gate.
  9103 | D:8      | Found a runed translucent gate.
  9103 | D:8      | Noticed Darkkill's ghost (novice MiHu)
  9105 | D:8      | Found a basalt altar of Yredelemnul.
  9623 | D:9      | Found a flagged portal.
  9629 | D:9      | Reached ** piety under Cheibriados
  9635 | Bailey   | Entered a bailey
  9927 | Bailey   | Reached skill level 13 in Ice Magic
  9946 | Bailey   | Acquired the ring of Wuydeyrch {rF+ rCorr}
 10250 | Bailey   | Reached *** piety under Cheibriados
 10621 | Bailey   | Found an iron altar of Okawaru.
 10621 | Bailey   | Noticed an orc high priest
 10621 | Bailey   | Noticed an orc knight
 10627 | Bailey   | Noticed an orange demon
 10629 | Bailey   | Killed an orc high priest
 10631 | Bailey   | Killed an orc knight
 10632 | Bailey   | Reached skill level 14 in Ice Magic
 10649 | Bailey   | Acquired the Directory of Vehement Transmogrification
 10714 | Bailey   | Identified the +8 mace of the Blue God {pain, rPois rN+
                  | Dex+3}
 10735 | Bailey   | Learned a level 6 spell: Statue Form
 11006 | D:9      | Found a shimmering altar of Xom.
 11009 | D:9      | Found a shimmering altar of Xom.
 11017 | D:9      | Found a shimmering altar of Xom.
 11393 | D:10     | Entered Level 10 of the Dungeon
 11406 | D:10     | Reached XP level 11. HP: 73/74 MP: 19/24
 11435 | D:10     | Found Cidokliar's Jewellery Shop.
 11461 | D:10     | Found Ucwuiphu's Jewellery Shoppe.
 11496 | D:10     | Reached **** piety under Cheibriados
 11593 | D:10     | Found Yblusy's General Store.
 11786 | D:10     | Reached ***** piety under Cheibriados
 11934 | D:10     | Noticed a death yak
 11934 | D:10     | Noticed a death yak
 11934 | D:10     | Noticed a death yak
 11934 | D:10     | Noticed a death yak
 11935 | D:10     | Found a staircase to the Lair.
 11935 | D:10     | Noticed a death yak
 11936 | D:10     | Noticed a death yak
 11937 | D:10     | Noticed a death yak
 11938 | D:10     | Noticed a death yak
 11942 | D:10     | Killed a death yak
 11944 | D:10     | Killed a death yak
 11945 | D:10     | Reached skill level 10 in Spellcasting
 11945 | D:10     | Reached skill level 15 in Ice Magic
 11945 | D:10     | Reached skill level 1 in Shields
 11945 | D:10     | Reached skill level 1 in Conjurations
 11954 | D:10     | Killed a death yak
 11956 | D:10     | Killed a death yak
 11963 | D:10     | Killed a death yak
 11967 | D:10     | Killed a death yak
 11976 | D:10     | Killed a death yak
 12182 | D:10     | Killed a death yak
 12553 | D:10     | Found Udukio's Weapon Emporium.
 12573 | D:10     | Found Uwieg's Antique Weapon Shop.
 12688 | D:10     | Reached skill level 5 in Shields
 12692 | D:10     | Reached skill level 5 in Conjurations
 12827 | D:11     | Noticed Grum
 13023 | D:11     | Noticed Nergalle
 13273 | D:11     | Noticed Harold
 13499 | D:11     | Noticed Psyche
 13508 | D:10     | Killed Harold
 13509 | D:10     | Reached XP level 12. HP: 37/81 MP: 20/26
 13706 | D:10     | Killed Psyche
 13921 | Abyss:1  | Cast into level 1 of the Abyss (gnoll)
 13925 | Abyss:1  | Found a corrupted altar of Lugonu.
 13987 | Abyss:1  | Noticed a Hell Sentinel
 13998 | Abyss:1  | Killed from afar by a Hell Sentinel

Illustrated notes

Levels and vault maps discovered:
D:1:      nicolae_arrival_somewhat_less_tricky_arrival, layout_basic,
          minmay_statues_item, dreamdust_princess_corridor, minmay_pentomino_p4
D:2:      layout_basic, uniq_jessica
D:3:      layout_loops_corners, lemuel_tele_altar
D:4:      layout_gridville, uniq_duvessa, uniq_eustachio
D:5:      layout_basic, gammafunk_temple_overflow_elements,
          gammafunk_ghost_grave
D:6:      layout_rooms
D:7:      layout_loops_ring, slow_altar_1, amcnicky_altar_gilded,
          minmay_temple_entry_wispy, serial_shops, nicolae_shop_waterfront,
          uniq_joseph
D:8:      layout_loops_ring, nicolae_sif_muna_little_library,
          nicolae_yredelemnul_ghost_church, kennysheep_small_circle, uniq_pikel
D:9:      layout_cross, xom_redecorated, enter_bailey_7
D:10:     layout_grid_maze, dpeg_lair_monsters, serial_shops, shop, shop, shop,
          shop, shop_fountains
D:11:     layout_cave_pools, hiddenorc1_lemuel, uniq_harold, uniq_psyche,
          uniq_grum, uniq_nergalle
Temple:   eino_temple_water
Abyss:1:  base: D:9, hangedman_abyss_or_decor_lesser_grid

Skill      XL: |  1  2  3  4  5  6  7  8  9 10 11 |
---------------+----------------------------------+-----
Ice Magic      | 5 6 7 8 10 12 14 15 | 15.0
Spellcasting   | 3 4 5 6 8 9 10 | 10.0
Shields        | 5 |  5.9
Conjurations   | 5 |  5.9
Dodging        | |  1.7
Stealth        | |  1.7
Unarmed Combat | |  0.1

Action                     |  1- 3 |  4- 6 |  7- 9 | 10-12 || total
---------------------------+-------+-------+-------+-------++-------
  Melee: Unarmed           |    48 |       |       |       ||    48
         Tailslap          |     3 |     7 |    16 |    25 ||    51
         Staff             |       |    68 |    36 |    12 ||   116
         Punch             |       |     1 |       |     1 ||     2
         Trident           |       |       |    63 |    20 ||    83
         Mace              |       |       |       |   120 ||   120
   Cast: Freeze            |    46 |    51 |   136 |   119 ||   352
         Frozen Ramparts   |       |     6 |    31 |    44 ||    81
         Ozocubu's Armour  |       |     5 |    11 |    22 ||    38
  Evoke: Wand              |       |     1 |       |     8 ||     9
    Use: Potion            |     2 |       |     3 |     4 ||     9
         Scroll            |       |     4 |     8 |    11 ||    23
   Stab: Sleeping          |     1 |       |       |       ||     1
 Armour: Skin              |    30 |    46 |   143 |   172 ||   391
  Dodge: Dodged            |    54 |    74 |   170 |   299 ||   597
  Block: Buckler           |       |       |       |    32 ||    32

Table legend: (Time is in decaauts)
 A = Elapsed time spent in this place.
 B = Non-inter-level travel time spent in this place.
 C = Inter-level travel time spent in this place.
 D = Time resting spent in this place.
 E = Time spent auto-exploring this place.
 F = Levels seen in this place.
 G = Mean time per level.
                   A        B        C        D        E       F      G
               +--------+--------+--------+--------+--------+-----+--------+
         Total |  15414 |  14889 |    525 |   3050 |   8999 |  14 | 1101.0 |
       Dungeon |  13676 |  13200 |    476 |   2707 |   8326 |  11 | 1243.3 |
        Temple |    295 |    246 |     49 |      0 |    234 |   1 |  295.0 |
         Abyss |    133 |    133 |      0 |      0 |      0 |   1 |  133.0 |
        Bailey |   1308 |   1308 |      0 |    343 |    439 |   1 | 1308.0 |
               +--------+--------+--------+--------+--------+-----+--------+

Top non-repeatable levels by time:
    D:10: 2760 daAuts
     D:7: 1609 daAuts
     D:8: 1588 daAuts
  Bailey: 1308 daAuts
     D:4: 1278 daAuts
     D:1: 1240 daAuts
     D:9: 1144 daAuts
     D:3: 1062 daAuts
     D:5: 1030 daAuts
     D:2: 944 daAuts
     D:6: 886 daAuts
  Temple: 295 daAuts
 Abyss:1: 133 daAuts
    D:11: 131 daAuts
